 Dungeon Crawl Stone Soup version 0.21.0 (webtiles) character file.

1710346 Charly the Acrobat (level 27, 115/162 HPs)
             Began as a Spriggan Venom Mage on Jan 7, 2018.
             Was a Follower of Uskayaw.
             Escaped with the Orb
             ... and 3 runes!
             The game lasted 04:51:34 (72193 turns).

Charly the Acrobat (Spriggan Venom Mage)           Turns: 72193, Time: 04:51:35

Health: 115/162    AC: 24    Str: 20    XL:     27
Magic:  28/43      EV: 37    Int: 27    God:    Uskayaw [*.....]
Gold:   3760       SH: 11    Dex: 18    Spells: 27/56 levels left

rFire    + + .     SeeInvis +   a - +9 quick blade (chaos)
rCold    + + .     Gourm    .   A - +3 buckler {rF+}
rNeg     + + .     Faith    .   B - +6 faerie dragon scales {*Drain rElec rC+ rN++ rCorr}
rPois    .         Spirit   +   e - +2 hat
rElec    +         Reflect  .   Y - +2 cloak {+Inv}
rCorr    +         Harm     .   (gloves unavailable)
MR       +++..                  (boots unavailable)
Stlth    +++.......             q - amulet of guardian spirit
HPRegen  1.37/turn              Z - ring of Wajues {rC+ MR- Str+9 Int+6 Stlth-}
MPRegen  0.28/turn              f - ring of protection from fire

@: regenerating, deflect missiles, very quick
A: very small, unfitting armour, icy blue scales 2, see invisible, herbivore,
speed 3, robust 1, slow metabolism 2
0: Orb of Zot
}: 3/15 runes: decaying, silver, gossamer
a: Stomp, Renounce Religion, Evoke Invisibility


You escaped.
You worshipped Uskayaw.
Uskayaw was greatly pleased with you.
You were not hungry.

You visited 10 branches of the dungeon, and saw 50 of its levels.
You also visited: Ice Cave and Volcano.

You collected 8918 gold pieces.
You spent 5158 gold pieces at shops.

Inventory:

Hand Weapons
 a - a +9 quick blade of chaos (weapon)
 K - a +5 quick blade of protection
Missiles
 L - 6 throwing nets (quivered)
Armour
 e - a +2 hat (worn)
 A - a +3 buckler of fire resistance (worn)
 B - the +6 faerie dragon scales (worn) {*Drain rElec rC+ rN++ rCorr}
   (You took it off the Enchantress on level 1 of the Depths)

   It protects you from cold.
   It insulates you from electricity.
   It greatly protects you from negative energy.
   It protects you from acid and corrosion.
   It causes draining when unequipped.
 Y - a +2 cloak of invisibility (worn)
Jewellery
 f - a ring of protection from fire (right hand)
 m - an uncursed ring of protection from magic
 n - an uncursed ring of positive energy
 p - an uncursed ring of poison resistance
 q - an amulet of guardian spirit (around neck)
 M - a +4 ring of dexterity
 X - the amulet of Myifir {Faith rF- Str+10}
   (You found it on level 3 of the Elven Halls)

   [amulet of faith]

   It allows you to gain divine favour quickly.
   It affects your strength (+10).
   It makes you vulnerable to fire.
 Z - the ring of Wajues (left hand) {rC+ MR- Str+9 Int+6 Stlth-}
   (You took it off a vampire knight on level 2 of the Depths)

   [ring of protection from cold]

   It affects your strength (+9).
   It affects your intelligence (+6).
   It protects you from cold.
   It affects your resistance to hostile enchantments.
   It makes you less stealthy.
Wands
 g - a wand of scattershot (7)
 v - a wand of acid (11)
 w - a wand of clouds (9)
 y - a wand of digging (47)
 D - a wand of enslavement (3)
 Q - a wand of iceblast (21)
Scrolls
 i - 18 scrolls of remove curse
 j - a scroll of enchant armour
 s - 19 scrolls of teleportation
 z - 4 scrolls of silence
 E - 2 scrolls of holy word
 N - 4 scrolls of vulnerability
 O - 2 scrolls of blinking
 P - 18 scrolls of identify
 R - 2 scrolls of fog
 S - 6 scrolls of fear
Potions
 d - 10 potions of cancellation
 k - 10 potions of heal wounds
 l - 12 potions of curing
 o - 4 potions of agility
 r - 4 potions of brilliance
 t - 9 potions of flight
 u - 4 potions of haste
 x - 2 potions of magic
 C - 3 potions of invisibility
 G - 2 potions of mutation
 H - 2 potions of might
 I - 2 potions of resistance
 J - 7 potions of berserk rage
 U - 8 potions of ambrosia
Miscellaneous
 b - 2 phantom mirrors
 h - a lightning rod (4/4)
 F - a phial of floods
 W - a lamp of fire
Comestibles
 c - 25 rations


   Skills:
 + Level 16.3 Fighting
 - Level 13.0 Short Blades
 - Level 13.3 Armour
 + Level 24.8 Dodging
 - Level 23.4 Stealth
 - Level 7.1 Shields
 - Level 15.4 Spellcasting
   Level 4.8 Conjurations
 - Level 6.8 Hexes
 - Level 11.9 Charms
 - Level 16.3 Necromancy
 - Level 3.6 Translocations
 - Level 7.8 Air Magic
 - Level 8.6 Earth Magic
   Level 7.3 Poison Magic
 * Level 20.3 Invocations
 + Level 16.7 Evocations


You had 27 spell levels left.
You knew the following spells:

 Your Spells              Type           Power        Failure   Level  Hunger
a - Lee's Rapid Deconstr  Erth           ######....   2%          5    None
b - Blink                 Tloc           N/A          1%          2    None
p - Excruciating Wounds   Chrm/Necr      #######...   1%          5    None
r - Regeneration          Chrm/Necr      #######...   1%          3    None
v - Borgnjor's Vile Clut  Necr/Erth      ######....   1%          5    None
w - Spectral Weapon       Hex/Chrm       ######..     1%          3    None
D - Deflect Missiles      Chrm/Air       ######....   8%          6    ####...


Dungeon Overview and Level Annotations

Branches:
Dungeon (15/15)            Temple (1/1) D:5            Lair (6/6) D:11
  Swamp (4/4) Lair:2       Spider (4/4) Lair:3        Slime (0/5) Lair:5
    Orc (2/2) D:10            Elf (3/3) Orc:2        Vaults (5/5) D:14
  Crypt (0/3) Vaults:3     Depths (5/5) D:15            Zot (5/5) Depths:5

Altars:
Ashenzari
Cheibriados
Dithmenos
Elyvilon
Fedhas
Gozag
Hepliaklqana
Kikubaaqudgha
Makhleb
Nemelex Xobeh
Okawaru
Qazlal
Ru
Sif Muna
Trog
Uskayaw
Vehumet
Wu Jian
Xom
Yredelemnul
Zin
The Shining One
Beogh
Jiyva

Shops:
D:5 :   D:7 (   D:11 :}*   D:14 (   Orc:1 !   Orc:2 *?*%(   Vaults:1 [
Vaults:3 [   Depths:3 !((

Portals:
Hell: Depths:1 Depths:2 Depths:3 Depths:4 Depths:5
Abyss: Depths:1 Depths:2 Depths:4
Pandemonium: Depths:4
Ziggurat: Depths:3

Annotations:
D:4 EmerC's ghost, amateur DsFi
D:5 Menkaure
D:6 exclusions: centaur and door
D:8 exclusion: 2 doors, CypherZel's ghost, novice DEAE
D:12 exclusions: fire elemental and 3 hell hounds, Azrael
Orc:1 exclusion: downstairs
Elf:2 3 runed doors


Innate Abilities, Weirdness & Mutations

You are very small and have problems with some larger weapons.
You are too small for most types of armour.
You have supernaturally acute eyesight. (SInv)
You are a herbivore.
You cover ground extremely quickly.
You need consume almost no food.
You are mostly covered in icy blue scales. (AC +3)
You are robust. (+10% HP)


Message History

The Hell Sentinel struggles against the net.
You hit the Hell Sentinel but do no damage.
The Hell Sentinel is severely wounded.
You catch the helpless Hell Sentinel completely off-guard!
You perforate the Hell Sentinel like a sieve!!!
You kill the Hell Sentinel!
L - 6 throwing nets (gained 1)
Casting: Excruciating Wounds
Confirm with . or Enter, or press ? or * to list all spells.
Your skin crawls.
(D) Dungeon (T) Temple (L) Lair (S) Swamp (N) Spider Nest (M) Slime Pits (O) Orcish Mines (E) Elven Halls (V) Vaults (C) Crypt (U) Depths (H) Hell (Z) Zot
Where to? (Enter - D:1 @ (x,y), ? - help)
You see here a club.
You see here a club.
You can no longer pass through a line of other dancers.
There is a staircase leading out of the dungeon here.
You have escaped!

###)##.## .♣P.PP.♣.PPP.P#...#
.##.##.##.P.♣.PP.P.♣PPPP#.###
..#.....#...P♣PPPPP.P.PP#.#
.##.##.##.♣PP..♣PPP.P..P#.#
###.##.##♣..PP.P♣PPPPP.♣#.#
........#PPPP♣.PPPPP..P.#.#
######.##################K#
..........................#
######.(........@.........#
########...(.............##
#.....##.#######.#########
#.###.##.# #.# #.# #.##.# #.#
#.# #.##.# #.# #.#
#.##.#######.# #.#
#.##..).)....# #.#
#.##..########


There were no monsters in sight!

Vanquished Creatures
  5 orbs of fire
  8 ancient liches (Zot:5)
  A juggernaut (Depths:2)
  Sojobo (Vaults:3)
  the Lernaean hydra (Swamp:4)
  4 Killer Klowns
  Xtahua (Vaults:5)
  2 curse toes
  2 caustic shrikes (Depths:4)
  12 golden dragons
  Nikola (Swamp:1)
  the Enchantress (Depths:1)
  2 bone dragons
  An iron giant (Vaults:4)
  18 tentacled monstrosities
  5 electric golems
  7 liches
  26 Orb Guardians
  2 Hell Sentinels
  5 titans
  A quicksilver dragon (shapeshifter) (Depths:4)
  2 deep elf master archers (Elf:3)
  Asterion (Depths:1)
  2 deep elf blademasters (Elf:3)
  11 quicksilver dragons
  3 sphinxes
  A sphinx (shapeshifter) (Vaults:5)
  13 shadow dragons
  10 death cobs
  26 storm dragons
  Kirke (Lair:5)
  Agnes (Spider:1)
  8 tengu reavers
  13 fire giants
  4 draconian monks
  Donald (Swamp:1)
  17 vault wardens
  11 frost giants
  8 draconian scorchers
  5 iron dragons
  2 balrugs
  10 deep elf sorcerers
  6 draconian knights
  3 emperor scorpions
  6 ghost moths
  An orc warlord (Orc:1)
  3 deep elf elementalists (Elf:3)
  4 draconian shifters
  4 draconian stormcallers
  5 draconian annihilators
  23 very ugly things
  3 spriggan defenders (D:15)
  15 ironheart preservers
  5 entropy weavers
  21 stone giants
  5 vampire knights
  7 war gargoyles
  13 green draconians
  2 entropy weavers (shapeshifter)
  12 deep elf demonologists
  7 black draconians
  10 purple draconians
  Nessos (Lair:5)
  18 yellow draconians
  9 red draconians
  10 white draconians
  5 spark wasps
  11 deep elf annihilators
  A crystal guardian (Vaults:5)
  An ettin (shapeshifter) (Vaults:5)
  13 ettins
  The ghost of ahub the Fighter, a journeyman DsBe of Yredelemnul (D:12)
  Snorg (Orc:2)
  17 fire dragons
  9 deep elf death magi
  20 ice dragons
  2 green deaths (Swamp:4)
  12 great orbs of eyes
  9 deep elf high priests
  18 yaktaur captains
  16 hydras
  7 rakshasas
  35 vault guards
  3 ghost crabs
  A satyr (shapeshifter) (Vaults:2)
  13 spriggan air magi
  4 catoblepae (Lair:6)
  10 dancing weapons
  8 centaur warriors
  44 two-headed ogres
  5 deep troll shamans
  8 alligators
  15 tengu warriors
  16 ogre magi
  A vampire mage (Depths:3)
  4 death knights
  9 death yaks
  10 deep troll earth magi
  A thrashing horror (Swamp:4)
  2 orc high priests (Orc:2)
  18 spriggan berserkers
  4 sun demons
  3 soul eaters (Depths:2)
  16 deep elf knights
  3 shock serpents (shapeshifter)
  6 hell knights
  A salamander mystic (Depths:5)
  3 shadow wraiths
  11 skeletal warriors
  4 iron trolls (Depths:5)
  2 spriggan druids
  15 deep trolls
  An unseen horror (shapeshifter) (D:13)
  A sea snake (shapeshifter) (Depths:1)
  A death drake (shapeshifter) (Vaults:1)
  A swamp dragon (shapeshifter) (Vaults:5)
  3 quicksilver dragon simulacra (Depths:2)
  8 wizards
  10 glowing orange brains
  4 flayed ghosts
  2 shambling mangroves
  11 swamp dragons
  11 orc knights
  6 harpies
  6 phantasmal warriors
  13 ironbrand convokers
  A lindwurm (shapeshifter) (Vaults:5)
  15 deep elf archers
  33 wolf spiders
  2 necromancers
  3 wolf spiders (shapeshifter)
  A salamander (shapeshifter) (Depths:4)
  64 deep elf magi
  9 orb spiders
  34 ugly things
  5 salamanders (Depths:5)
  8 orc sorcerers
  2 human zombies (Vaults:3)
  7 cyclopes
  A frost giant zombie (Vaults:3)
  21 moths of wrath
  3 manticores
  4 ice statues
  3 centaur zombies
  15 vault sentinels
  A water nymph (shapeshifter) (Vaults:4)
  5 gargoyles
  2 orange demons (Swamp:4)
  11 spiny frogs
  2 black mambas (Lair:4)
  8 rust devils (Depths:2)
  A spiny frog (shapeshifter) (D:13)
  5 rime drakes
  A yaktaur zombie (Vaults:3)
  2 centaur skeletons
  9 freezing wraiths
  4 komodo dragons
  10 demonic crawlers
  2 efreet (Depths:2)
  57 yaktaurs
  5 tengu conjurers
  9 ice devils
  34 jumping spiders
  2 polar bears (shapeshifter)
  A queen bee (Spider:2)
  6 meliai
  3 red devils (Depths:2)
  A troll (shapeshifter) (Vaults:5)
  A large abomination (Swamp:4)
  4 trolls
  A wind drake (shapeshifter) (Depths:3)
  A tyrant leech (Swamp:4)
  15 hornets
  2 polar bears (Lair:6)
  Grinder (D:3)
  A jumping spider (shapeshifter) (Depths:4)
  25 slime creatures
  19 blink frogs
  12 bog bodies
  Prince Ribbit (D:8)
  10 hippogriffs
  A snapping turtle (shapeshifter) (Depths:3)
  3 dream sheep
  2 flying skulls (Depths:2)
  75 redbacks
  14 air elementals
  34 tarantellas
  8 water elementals
  10 spriggans
  10 shadows
  A fire elemental (Elf:2)
  8 wraiths
  61 yaks
  A yak (shapeshifter) (D:15)
  A vampire (D:13)
  4 wyverns
  2 humans (shapeshifter)
  A basilisk (shapeshifter) (Depths:2)
  6 fire bats (Volcano)
  A hog (shapeshifter) (Vaults:4)
  A basilisk (Lair:6)
  10 vampire mosquitoes
  2 hungry ghosts
  2 human simulacra (Vaults:3)
  27 swamp worms
  9 wargs
  A soldier ant (D:11)
  An insubstantial wisp (Swamp:4)
  Edmund (D:5)
  An acid dragon (Vaults:1)
  An acid dragon (shapeshifter) (Vaults:5)
  8 water moccasins
  5 porcupines
  A floating eye (shapeshifter) (Vaults:5)
  3 hell hounds (Depths:2)
  A floating eye (Depths:4)
  3 ice beasts
  7 swamp drakes
  An ogre (shapeshifter) (Vaults:2)
  39 orc warriors
  6 sky beasts
  2 ettin simulacra (Depths:2)
  An eye of draining (Vaults:4)
  3 black bears
  A necrophage (D:9)
  A hornet zombie (D:8)
  An eye of draining (shapeshifter) (Vaults:3)
  2 phantoms
  6 wolves
  32 ogres
  4 boggarts
  A tengu (Lair:5)
  16 centaurs
  8 crocodiles
  A big kobold (shapeshifter) (Vaults:5)
  6 big kobolds
  22 bullfrogs
  3 earth elementals
  2 scorpions
  A wyvern skeleton (D:10)
  15 killer bees
  7 wights
  4 electric eels
  5 howler monkeys
  5 crimson imps
  A lava snake (Volcano)
  2 bullfrog zombies
  A quasit (D:11)
  12 hounds
  31 orc priests
  2 bullfrog skeletons
  3 jellies
  3 iguanas
  16 worker ants
  43 orc wizards
  7 hell rats (Lair:3)
  A hound zombie (D:10)
  3 hound skeletons
  A howler monkey zombie (D:9)
  Robin (D:4)
  7 gnolls
  11 adders
  4 shadow imps
  11 white imps
  4 ufetubi (IceCv)
  2 adder skeletons (D:5)
  5 worms (D:2)
  A dart slug (D:2)
  5 leopard geckos
  127 orcs
  8 bats
  5 giant cockroaches
  15 hobgoblins
  5 jackals
  10 quokkas
  2 ball pythons
  5 frilled lizards
  7 goblins
  21 kobolds
  A quokka zombie (D:7)
  8 rats
  A spectral weapon (Zot:4)
2364 creatures vanquished.

Vanquished Creatures (collateral kills)
  Rupert (Orc:2)
  A quicksilver dragon (Vaults:5)
  A purple draconian (Zot:1)
  2 hell knights (Depths:2)
  A moth of wrath (Zot:1)
  A yaktaur (Depths:2)
  A slime creature (Depths:4)
  A tarantella (Spider:4)
  A redback (Spider:3)
  An ettin simulacrum (Depths:2)
  A centaur (Vaults:2)
12 creatures vanquished.

Vanquished Creatures (others)
  2 fire giants
  2 draconian annihilators
  A reaper (IceCv)
  A white draconian (Zot:1)
  A blizzard demon (Depths:2)
  A fire dragon (Depths:2)
  2 vault guards (Vaults:5)
  2 death yaks (Lair:6)
  A spriggan berserker (Depths:4)
  A sun demon (Depths:2)
  A deep troll (Depths:3)
  A moth of wrath (Zot:5)
  A spiny frog (Swamp:4)
  A yaktaur (Vaults:1)
  A redback (Spider:4)
  A fire bat (shapeshifter) (Vaults:4)
  A swamp worm (Swamp:4)
  A swamp drake (Swamp:4)
  2 ettin simulacra (Depths:2)
  An earth elemental (Elf:3)
  A wight (D:9)
  An orc wizard (Orc:2)
  2 white imps (IceCv)
  6 ufetubi (IceCv)
  An orc (Orc:2)
  2 fungi
  3 plants (Depths:3)
  2 spectral weapons (Zot:5)
43 creatures vanquished.

Grand Total: 2419 creatures vanquished

Notes
Turn   | Place    | Note
-------+----------+-------------------------------------------
     0 | D:1      | Charly the Spriggan Venom Mage began the quest for the Orb.
     0 | D:1      | Reached XP level 1. HP: 9/9 MP: 5/5
   119 | D:1      | You fall through a shaft!
   359 | D:1      | Reached XP level 2. HP: 13/13 MP: 4/6
   363 | D:1      | Learned a level 2 spell: Poisonous Vapours
  1146 | D:2      | Reached XP level 3. HP: 16/16 MP: 1/8
  1210 | D:2      | Learned a level 3 spell: Mephitic Cloud
  1233 | D:2      | Reached skill level 1 in Air Magic
  1723 | D:2      | Reached XP level 4. HP: 21/21 MP: 6/10
  2043 | D:2      | Found a bloodstained altar of Trog.
  2647 | D:3      | Noticed Grinder
  3001 | D:4      | Reached XP level 5. HP: 24/24 MP: 8/12
  3063 | D:4      | Found a white marble altar of Elyvilon.
  3221 | D:4      | Noticed EmerC's ghost (amateur DsFi)
  3482 | D:4      | Learned a level 1 spell: Animate Skeleton
  3597 | D:4      | Noticed Robin
  3799 | D:4      | Killed Robin
  3940 | D:4      | Found an ancient bone altar of Kikubaaqudgha.
  4132 | D:4      | Found a stormy altar of Qazlal.
  4132 | D:4      | Found a snail-covered altar of Cheibriados.
  4133 | D:4      | Found a shattered altar of Ashenzari.
  4393 | D:5      | Entered Level 5 of the Dungeon
  4452 | D:5      | Reached XP level 6. HP: 27/28 MP: 14/14
  4492 | D:5      | Found Syqydghu's Book Emporium.
  4575 | D:5      | Reached skill level 5 in Spellcasting
  4762 | D:5      | Noticed Menkaure
  4936 | D:5      | Noticed Edmund
  4960 | D:5      | Reached skill level 5 in Poison Magic
  4962 | D:5      | Killed Edmund
  4962 | D:5      | Reached XP level 7. HP: 32/32 MP: 3/16
  5143 | D:5      | Found a staircase to the Ecumenical Temple.
  5149 | Temple   | Entered the Ecumenical Temple
  5279 | Temple   | Became a worshipper of Uskayaw the Reveler
  5302 | D:5      | Reached * piety under Uskayaw
  5648 | D:6      | Reached ** piety under Uskayaw
  5718 | D:6      | Got a pair of spiked gloves
  5762 | D:6      | Reached skill level 1 in Short Blades
  5901 | D:6      | Reached skill level 1 in Fighting
  6308 | D:7      | Reached skill level 5 in Stealth
  6308 | D:7      | Reached XP level 8. HP: 39/39 MP: 6/18
  6829 | D:7      | Noticed a hippogriff
  6852 | D:7      | Killed a hippogriff
  7059 | D:7      | Found Patz's Antique Weapon Shop.
  7078 | D:7      | Bought a runed dagger for 135 gold pieces
  7725 | D:8      | Reached skill level 5 in Short Blades
  7912 | D:8      | Noticed CypherZel's ghost (novice DEAE)
  7939 | D:8      | Noticed Prince Ribbit
  7949 | D:8      | Killed Prince Ribbit
  7949 | D:8      | Reached XP level 9. HP: 45/45 MP: 10/19
  8194 | D:8      | Reached skill level 4 in Dodging
  8521 | D:8      | Reached skill level 5 in Dodging
  8705 | D:8      | Noticed a three-headed hydra
  8843 | D:8      | Reached skill level 6 in Dodging
  8845 | D:8      | Reached skill level 10 in Stealth
  8982 | D:8      | Reached skill level 5 in Fighting
  9122 | D:8      | Found a hazy altar of Hepliaklqana.
  9725 | D:9      | Reached XP level 10. HP: 51/51 MP: 17/20
  9770 | D:9      | Reached skill level 1 in Evocations
  9906 | D:9      | Reached skill level 7 in Dodging
 10122 | D:9      | Reached *** piety under Uskayaw
 10785 | D:8      | Reached skill level 8 in Dodging
 10996 | D:10     | Entered Level 10 of the Dungeon
 10996 | D:10     | Noticed a cyan ugly thing
 11375 | D:10     | Identified a scroll of acquirement
 11442 | D:10     | Killed a cyan ugly thing
 11766 | D:10     | Reached skill level 5 in Evocations
 11770 | D:10     | Noticed a gargoyle
 11775 | D:10     | Killed a gargoyle
 11775 | D:10     | Reached skill level 9 in Dodging
 11788 | D:10     | Reached **** piety under Uskayaw
 11791 | D:10     | Reached ***** piety under Uskayaw
 11955 | D:10     | Reached XP level 11. HP: 55/55 MP: 12/21
 12144 | D:10     | Found a staircase to the Orcish Mines.
 12554 | D:11     | Found Ginn's Book Shoppe.
 12573 | D:11     | Reached skill level 10 in Dodging
 12745 | D:11     | Found Jokin's Gadget Shop.
 12758 | D:11     | Found a staircase to the Lair.
 12767 | D:11     | Reached skill level 1 in Conjurations
 12769 | D:11     | Found Ugugat's Assorted Antiques.
 13007 | D:11     | Got a dazzling arbalest
 13048 | D:11     | Identified the cursed +1 arbalest "Tovytzo" {flame, +Fly} (You found it on level 11 of the Dungeon)
 13185 | D:11     | Found a shadowy altar of Dithmenos.
 13284 | D:11     | Noticed a two-headed ogre
 13438 | D:11     | Killed a two-headed ogre
 13722 | D:11     | Bought a scroll labeled XYPI ZO AROF for 26 gold pieces
 13722 | D:11     | Bought a scroll of identify for 52 gold pieces
 13722 | D:11     | Bought a red potion for 23 gold pieces
 13852 | Lair:1   | Entered Level 1 of the Lair of Beasts
 13956 | Lair:1   | Reached skill level 5 in Air Magic
 14708 | Lair:2   | Reached ****** piety under Uskayaw
 14827 | Lair:2   | Reached XP level 12. HP: 56/60 MP: 24/24
 14890 | Lair:2   | Found a staircase to the Swamp.
 14937 | Lair:2   | Noticed a four-headed hydra
 14943 | Lair:2   | Killed a four-headed hydra
 15169 | Lair:2   | Reached skill level 1 in Invocations
 15556 | Lair:3   | Found a hole to the Spider Nest.
 16078 | Lair:3   | Noticed a four-headed hydra
 16103 | Lair:3   | Killed a four-headed hydra
 16257 | Lair:3   | Reached skill level 11 in Dodging
 16635 | D:5      | Bought a book of Maledictions for 325 gold pieces
 16640 | D:5      | Learned a level 3 spell: Dazzling Spray
 16927 | Lair:4   | Reached skill level 1 in Hexes
 17418 | Lair:4   | Reached skill level 5 in Hexes
 17419 | Lair:4   | Noticed an eight-headed hydra
 17429 | Lair:4   | Killed an eight-headed hydra
 17760 | Lair:5   | Found a dark tunnel.
 17767 | Volcano  | Entered a volcano
 17927 | Volcano  | Reached XP level 13. HP: 63/65 MP: 27/27
 17945 | Volcano  | Found a radiant altar of Vehumet.
 18024 | Lair:5   | Found a frozen archway.
 18055 | Lair:5   | Reached skill level 1 in Armour
 18082 | IceCv    | Entered an ice cave
 18354 | IceCv    | Noticed a reaper
 18357 | IceCv    | Killed a reaper
 18565 | Lair:5   | Found a viscous altar of Jiyva.
 18566 | Lair:5   | Found a staircase to the Slime Pits.
 18602 | Lair:5   | Noticed Nessos
 18611 | Lair:5   | Killed Nessos
 18864 | Lair:5   | Noticed Kirke
 18877 | Lair:5   | Killed Kirke
 19482 | D:12     | Reached skill level 12 in Dodging
 19769 | D:12     | Noticed Azrael
 20202 | D:12     | Noticed ahub's ghost (journeyman DsBe)
 20227 | D:12     | Killed ahub's ghost
 20266 | D:12     | Reached skill level 5 in Invocations
 20600 | D:13     | Reached skill level 15 in Stealth
 20685 | D:13     | Learned a level 6 spell: Deflect Missiles
 21670 | D:14     | Found an opulent altar of Gozag.
 21719 | D:14     | Reached XP level 14. HP: 72/72 MP: 28/28
 22210 | D:14     | Reached skill level 13 in Dodging
 22229 | D:15     | Entered Level 15 of the Dungeon
 22464 | Lair:6   | Entered Level 6 of the Lair of Beasts
 23389 | Lair:6   | Reached skill level 14 in Dodging
 23462 | Lair:6   | Identified Maupt's Papyrus of the Helpful Oath
 23733 | Orc:1    | Entered Level 1 of the Orcish Mines
 23807 | Orc:1    | Reached skill level 1 in Charms
 23850 | Orc:1    | Found a roughly hewn altar of Beogh.
 23928 | Orc:1    | Noticed an orc warlord
 23986 | Orc:1    | Killed an orc warlord
 24010 | Orc:1    | Found Jikhomy's Distillery.
 24157 | Orc:1    | Reached skill level 10 in Spellcasting
 24541 | Orc:2    | Entered Level 2 of the Orcish Mines
 24542 | Orc:2    | Found a staircase to the Elven Halls.
 24543 | Orc:2    | Found Oqoelatann's Antique Weapon Boutique.
 24570 | Orc:2    | Noticed Rupert
 24784 | D:15     | Reached skill level 5 in Charms
 24850 | D:15     | Found Dirgh's Weapon Shop.
 24989 | D:15     | Reached XP level 15. HP: 78/78 MP: 30/30
 24998 | D:15     | Found a staircase to the Depths.
 25685 | D:11     | Bought a book of Battle for 640 gold pieces
 25689 | D:11     | Learned a level 3 spell: Spectral Weapon
 25696 | D:11     | Learned a level 3 spell: Regeneration
 25702 | D:11     | Learned a level 5 spell: Borgnjor's Vile Clutch
 25769 | Orc:1    | Bought a potion of curing for 42 gold pieces
 25769 | Orc:1    | Bought a potion of agility for 56 gold pieces
 25769 | Orc:1    | Bought a potion of invisibility for 112 gold pieces
 25935 | Swamp:1  | Entered Level 1 of the Swamp
 26082 | Swamp:1  | Noticed Donald
 26099 | Swamp:1  | Noticed Nikola
 26167 | Spider:1 | Entered Level 1 of the Spider Nest
 26796 | Spider:1 | Noticed Agnes
 26808 | Spider:1 | Killed Agnes
 27318 | Spider:2 | Noticed a ghost moth
 27329 | Spider:1 | Killed a ghost moth
 27847 | Spider:2 | Reached skill level 15 in Dodging
 28713 | Spider:3 | Got a distressingly furry robe
 28714 | Spider:3 | Identified the +1 robe of Valiance {rF- Int+6} (You acquired it on level 3 of the Spider Nest)
 29386 | Spider:4 | Entered Level 4 of the Spider Nest
 29534 | Spider:4 | Reached XP level 16. HP: 67/85 MP: 14/31
 29927 | Spider:4 | Reached skill level 10 in Fighting
 30299 | Spider:4 | Reached skill level 16 in Dodging
 30746 | Spider:4 | Reached skill level 10 in Invocations
 31005 | Spider:4 | Got a gossamer rune of Zot
 32175 | Orc:2    | Found Moezag's Assorted Antiques.
 32187 | Orc:2    | Found Pahoal's Assorted Antiques.
 32204 | Orc:2    | Killed Rupert
 32581 | Orc:2    | Noticed Snorg
 32716 | Orc:2    | Killed Snorg
 32900 | Orc:2    | Found Xeoqasuff's Food Boutique.
 32948 | Orc:2    | Reached skill level 17 in Dodging
 32997 | Orc:2    | Found Geyz's Magic Scroll Shop.
 33418 | Orc:2    | Bought the +3 warlock's mirror {reflect} for 1040 gold pieces
 33418 | Orc:2    | Found the +3 warlock's mirror {reflect}
 33423 | Orc:2    | Bought a small granite ring for 130 gold pieces
 33429 | Orc:2    | Bought a scroll of teleportation for 42 gold pieces
 33644 | D:14     | Reached skill level 1 in Shields
 33802 | D:14     | Reached XP level 17. HP: 91/91 MP: 24/32
 33815 | D:14     | Found a glowing golden altar of the Shining One.
 33845 | D:14     | Found a gate to the Vaults.
 33862 | D:14     | Found Ebohemm's Weapon Emporium.
 34036 | Vaults:1 | Entered Level 1 of the Vaults
 34036 | Vaults:1 | Found Nenkycox's Antique Armour Shop.
 34162 | Vaults:1 | Reached skill level 5 in Shields
 35808 | Vaults:2 | Reached XP level 18. HP: 96/96 MP: 30/33
 36053 | Vaults:2 | Reached skill level 18 in Dodging
 37550 | Swamp:1  | Killed Nikola
 37874 | Swamp:1  | Killed Donald
 38324 | Swamp:3  | Reached skill level 10 in Evocations
 38799 | Swamp:4  | Entered Level 4 of the Swamp
 39370 | Swamp:4  | Noticed the 27-headed Lernaean hydra
 39388 | Swamp:4  | Killed the 27-headed Lernaean hydra
 39538 | Swamp:4  | Reached XP level 19. HP: 75/102 MP: 25/34
 39596 | Swamp:4  | Got a decaying rune of Zot
 40220 | Vaults:3 | Noticed a bone dragon
 40242 | Vaults:3 | Found a staircase to the Crypt.
 40249 | Vaults:3 | Killed a bone dragon
 40307 | Vaults:3 | Noticed Sojobo
 40321 | Vaults:3 | Killed Sojobo
 40326 | Vaults:3 | Found Quilun's Armour Boutique.
 40766 | Vaults:3 | Reached skill level 19 in Dodging
 42155 | Vaults:4 | Reached XP level 20. HP: 106/108 MP: 33/35
 42399 | Vaults:4 | Reached skill level 20 in Dodging
 43327 | Depths:1 | Entered Level 1 of the Depths
 43349 | Depths:1 | Noticed the Enchantress
 43357 | Depths:1 | Killed the Enchantress
 43935 | Depths:1 | Identified the +6 faerie dragon scales {*Drain rElec rC+ rN++ rCorr} (You took it off the Enchantress on level 1 of the Depths)
 43975 | Depths:1 | Found a gateway to Hell.
 44332 | Depths:1 | Noticed Asterion
 44419 | Depths:1 | Killed Asterion
 44628 | Depths:1 | Reached skill level 5 in Armour
 44805 | Depths:1 | Found a one-way gate to the infinite horrors of the Abyss.
 45119 | Elf:1    | Entered Level 1 of the Elven Halls
 45499 | Elf:1    | Identified the Compendium of Confrontation
 46248 | Elf:2    | Reached XP level 21. HP: 110/113 MP: 36/36
 46616 | Elf:2    | Found a runed gate.
 46641 | Elf:2    | Found a runed gate.
 46642 | Elf:2    | Found a runed gate.
 46705 | Elf:2    | Got a clouded golden amulet
 46706 | Elf:2    | Identified the amulet "Waan" {RegenMP rPois} (You acquired it on level 2 of the Elven Halls)
 46892 | Elf:3    | Entered Level 3 of the Elven Halls
 47564 | Orc:2    | Bought a jewelled fustibalus for 560 gold pieces
 47564 | Orc:2    | Identified the +10 fustibalus "Lifebane" {flame, Int+4} (You bought it in a shop on level 2 of the Orcish Mines)
 47583 | Orc:1    | Bought a potion of berserk rage for 70 gold pieces
 47583 | Orc:1    | Bought a potion of cancellation for 112 gold pieces
 47583 | Orc:1    | Bought 2 potions of cancellation for 224 gold pieces
 47583 | Orc:1    | Bought a potion of haste for 140 gold pieces
 47583 | Orc:1    | Bought a potion of haste for 140 gold pieces
 47583 | Orc:1    | Bought a potion of cancellation for 112 gold pieces
 47636 | Orc:2    | Bought a potion of berserk rage for 130 gold pieces
 47636 | Orc:2    | Bought a potion of cancellation for 208 gold pieces
 47766 | D:11     | Bought a potion of might for 104 gold pieces
 48438 | Elf:3    | Reached skill level 21 in Dodging
 49044 | Elf:3    | Identified the Compendium of Transmutation and Calling
 49077 | Elf:3    | Identified Advanced Steps in Thaumaturgy
 49083 | Elf:3    | Identified the amulet of Myifir {Faith rF- Str+10} (You found it on level 3 of the Elven Halls)
 49090 | Elf:3    | Identified the +7 rapier "Killer Bee's Peril" {pierce, Str+3} (You found it on level 3 of the Elven Halls)
 49195 | Elf:3    | Learned a level 5 spell: Excruciating Wounds
 49205 | Elf:3    | Learned a level 5 spell: Lee's Rapid Deconstruction
 49746 | Depths:2 | Found a deep blue altar of Sif Muna.
 49952 | Depths:2 | Found an iron altar of Okawaru.
 49963 | Depths:2 | Reached skill level 10 in Armour
 50167 | Depths:2 | Reached XP level 22. HP: 119/119 MP: 37/37
 51509 | Depths:2 | Got a flickering silver ring
 51516 | Depths:2 | Identified the ring of Wajues {rC+ MR- Str+9 Int+6 Stlth-} (You took it off a vampire knight on level 2 of the Depths)
 51663 | Depths:2 | Noticed a golden dragon
 51704 | Depths:2 | Killed a golden dragon
 51977 | Depths:2 | Found a glowing silver altar of Zin.
 52039 | Depths:2 | Noticed a juggernaut
 52052 | Depths:2 | Killed a juggernaut
 52052 | Depths:2 | Reached skill level 1 in Necromancy
 52057 | Depths:2 | Reached skill level 1 in Earth Magic
 52311 | Depths:2 | Found a radiant altar of Vehumet.
 52824 | Depths:3 | Found a gateway to a ziggurat.
 53345 | Depths:3 | Found Galuuzxe's Antique Weapon Emporium.
 53375 | Depths:3 | Found Nyucash's Distillery.
 53397 | Depths:3 | Bought a potion of mutation for 168 gold pieces
 53397 | Depths:3 | Bought a potion of curing for 63 gold pieces
 53397 | Depths:3 | Bought 2 potions of curing for 126 gold pieces
 53397 | Depths:3 | Bought a potion of magic for 168 gold pieces
 53397 | Depths:3 | Bought 2 potions of heal wounds for 210 gold pieces
 53455 | Depths:3 | Found Obylaaf's Antique Weapon Shop.
 53675 | Depths:4 | Reached skill level 5 in Necromancy
 53827 | Depths:4 | Reached skill level 10 in Charms
 53827 | Depths:4 | Reached XP level 23. HP: 106/123 MP: 33/39
 53896 | Depths:4 | Found a basalt altar of Yredelemnul.
 53897 | Depths:4 | Found a burning altar of Makhleb.
 53898 | Depths:4 | Found an ancient bone altar of Kikubaaqudgha.
 53898 | Depths:4 | Found a burning altar of Makhleb.
 54357 | Depths:4 | Noticed a caustic shrike
 54363 | Depths:4 | Killed a caustic shrike
 54547 | Depths:4 | Reached skill level 5 in Earth Magic
 54909 | Depths:4 | Noticed a caustic shrike
 54941 | Depths:4 | Killed a caustic shrike
 55217 | Depths:4 | Found a one-way gate leading to the halls of Pandemonium.
 55241 | Depths:4 | Found the brooch of Shielding {Reflect SH+8}
 55270 | Depths:4 | Identified the +3 dagger "Jystrush" {elec, rN+} (You found it on level 4 of the Depths)
 55873 | Depths:4 | Learned a level 2 spell: Blink
 55883 | Depths:4 | Identified Gemmeria's Compendium of Lucky Stolen Souls
 55893 | Depths:4 | Identified Nalo's Volume of Enchanting Conjuration
 55953 | Depths:4 | Noticed a caustic shrike
 55963 | Depths:4 | a caustic shrike changed into a quicksilver dragon
 56097 | Depths:4 | Reached skill level 10 in Necromancy
 56238 | Depths:5 | Entered Level 5 of the Depths
 56257 | Depths:5 | Found a gate to the Realm of Zot.
 56265 | Depths:5 | Reached XP level 24. HP: 125/128 MP: 38/41
 57913 | Vaults:4 | Reached skill level 1 in Translocations
 58382 | Vaults:5 | Entered Level 5 of the Vaults
 58559 | Vaults:5 | Noticed Xtahua
 58570 | Vaults:5 | Killed Xtahua
 58675 | Vaults:5 | Reached skill level 15 in Spellcasting
 59374 | Vaults:5 | Reached XP level 25. HP: 81/133 MP: 37/43
 59776 | Vaults:5 | Reached skill level 15 in Invocations
 60174 | Vaults:5 | Got a silver rune of Zot
 60399 | Vaults:5 | Reached skill level 10 in Short Blades
 61315 | Zot:1    | Entered Level 1 of the Realm of Zot
 61735 | Zot:1    | Reached skill level 22 in Dodging
 62026 | Zot:1    | Reached skill level 15 in Necromancy
 62234 | Zot:1    | Reached XP level 26. HP: 139/139 MP: 40/43
 63013 | Zot:2    | Noticed an orb of fire
 63016 | Zot:2    | Killed an orb of fire
 64801 | Zot:4    | Reached skill level 15 in Fighting
 65067 | Zot:4    | Reached skill level 23 in Dodging
 65433 | Zot:5    | Entered Level 5 of the Realm of Zot
 65679 | Zot:5    | Reached XP level 27. HP: 144/144 MP: 41/43
 66488 | Zot:5    | Noticed an ancient lich
 67037 | Zot:5    | Noticed an ancient lich
 67056 | Zot:5    | Killed an ancient lich
 67677 | Zot:5    | Noticed an ancient lich
 67852 | Zot:5    | Noticed an ancient lich
 67857 | Zot:5    | Killed an ancient lich
 67960 | Zot:5    | Noticed an ancient lich
 68241 | Zot:5    | Killed an ancient lich
 68252 | Zot:5    | Noticed an orb of fire
 68288 | Zot:5    | Killed an orb of fire
 68785 | Zot:5    | Noticed an ancient lich
 68804 | Zot:5    | Killed an ancient lich
 68804 | Zot:5    | Reached skill level 15 in Evocations
 68841 | Zot:5    | Noticed an orb of fire
 68849 | Zot:5    | Gained mutation: You are weak. (Str -2) [an orb of fire]
 68850 | Zot:5    | Killed an orb of fire
 69017 | Zot:5    | Killed an ancient lich
 69017 | Zot:5    | Reached skill level 24 in Dodging
 69030 | Zot:5    | Noticed an ancient lich
 69055 | Zot:5    | Killed an ancient lich
 69174 | Zot:5    | Killed an ancient lich
 69416 | Zot:5    | Killed an ancient lich
 70624 | Zot:5    | Noticed an orb of fire
 70650 | Zot:5    | Killed an orb of fire
 70850 | Zot:5    | Noticed an orb of fire
 70874 | Zot:5    | Gained mutation: You tend to lose your temper in combat. [an orb of fire]
 71025 | Zot:5    | Gained mutation: Potions are less effective at restoring your health. [an orb of fire]
 71042 | Zot:5    | Gained mutation: Your body sometimes deteriorates upon taking damage. [an orb of fire]
 71048 | Zot:5    | Killed an orb of fire
 71204 | Zot:5    | Lost mutation: Your body sometimes deteriorates upon taking damage. [potion of mutation]
 71204 | Zot:5    | Lost mutation: Potions are less effective at restoring your health. [potion of mutation]
 71204 | Zot:5    | Lost mutation: You are weak. (Str -2) [potion of mutation]
 71204 | Zot:5    | Gained mutation: You are agile. (Dex +2) [potion of mutation]
 71204 | Zot:5    | Gained mutation: You are partially covered in icy blue scales. (AC +2) [potion of mutation]
 71204 | Zot:5    | Gained mutation: Your body sometimes deteriorates upon taking damage. [potion of mutation]
 71204 | Zot:5    | Gained mutation: You are partially covered in large bone plates. (SH +4) [potion of mutation]
 71205 | Zot:5    | Lost mutation: You are agile. (Dex +2) [potion of mutation]
 71205 | Zot:5    | Lost mutation: Your body sometimes deteriorates upon taking damage. [potion of mutation]
 71205 | Zot:5    | Gained mutation: You are weak. (Str -2) [potion of mutation]
 71205 | Zot:5    | Gained mutation: You are mostly covered in icy blue scales. (AC +3) [potion of mutation]
 71206 | Zot:5    | Lost mutation: You are partially covered in large bone plates. (SH +4) [potion of mutation]
 71206 | Zot:5    | Lost mutation: You tend to lose your temper in combat. [potion of mutation]
 71206 | Zot:5    | Gained mutation: You have a beak for a mouth. [potion of mutation]
 71206 | Zot:5    | Lost mutation: You are weak. (Str -2) [potion of mutation]
 71206 | Zot:5    | Lost mutation: You have a beak for a mouth. [potion of mutation]
 71206 | Zot:5    | Gained mutation: You are robust. (+10% HP) [potion of mutation]
 71681 | Zot:5    | Got the Orb of Zot
 71943 | D:12     | Noticed Luddi the pandemonium lord
 72126 | D:3      | Killed Grinder
 72193 | D:$      | Escaped with the Orb!

Skill      XL: |  1  2  3  4  5  6  7  8  9 10 11 12 13 14 15 16 17 18 19 20 21 22 23 24 25 26 27 |
---------------+----------------------------------------------------------------------------------+-----
Spellcasting   | 3 4 5 6 7 9 10 11 13 15 | 15.4
Air Magic      | 1 2 3 5 7 |  7.8
Poison Magic   | 4 5 7 |  7.3
Short Blades   | 2 5 6 8 9 11 12 13 | 13.0
Fighting       | 2 4 5 6 7 8 9 10 11 12 13 14 15 16 | 16.3
Stealth        | 5 8 10 12 13 15 16 17 19 20 21 22 23 | 23.4
Dodging        | 6 9 10 11 12 14 15 17 18 19 20 21 22 23 24 | 24.8
Evocations     | 5 6 14 16 | 16.7
Conjurations   | 3 4 |  4.8
Invocations    | 2 5 7 9 10 11 13 14 16 17 20 | 20.3
Hexes          | 5 6 |  6.8
Armour         | 1 7 11 13 | 13.3
Charms         | 6 7 10 11 | 11.9
Shields        | 2 7 |  7.1
Necromancy     | 5 10 13 15 16 | 16.3
Earth Magic    | 3 7 8 |  8.6
Translocations | 3 |  3.6

Action                   |  1- 3 |  4- 6 |  7- 9 | 10-12 | 13-15 | 16-18 | 19-21 | 22-24 | 25-27 || total
-------------------------+-------+-------+-------+-------+-------+-------+-------+-------+-------++-------
Melee: Unarmed           |     4 |       |       |       |       |       |       |       |       ||     4
       Short sword       |       |    15 |   148 |   107 |       |       |       |       |       ||   270
       Quick blade       |       |       |       |   782 |  1102 |  1720 |  1908 |  2479 |  1920 ||  9911
       Dagger            |       |       |       |    30 |       |       |       |       |       ||    30
Throw: Throwing net      |       |       |       |       |     2 |     2 |     4 |       |     2 ||    10
 Cast: Sting             |    17 |       |       |       |       |       |       |       |       ||    17
       Poisonous Vapours |    37 |    85 |   157 |   103 |       |       |       |       |       ||   382
       Mephitic Cloud    |       |     1 |     7 |    34 |    19 |    39 |     8 |     2 |       ||   110
       Dazzling Spray    |       |       |       |     8 |   147 |    61 |     2 |     8 |       ||   226
       Deflect Missiles  |       |       |       |       |     1 |       |     1 |     4 |     4 ||    10
       Excruciating Woun |       |       |       |       |       |       |       |     5 |    34 ||    39
       Regeneration      |       |       |       |       |       |       |       |     2 |    13 ||    15
       Borgnjor's Vile C |       |       |       |       |       |       |       |       |     2 ||     2
       Spectral Weapon   |       |       |       |       |       |       |       |       |    26 ||    26
       Lee's Rapid Decon |       |       |       |       |       |       |       |       |     4 ||     4
Invok: Line Pass         |       |       |       |     4 |       |       |       |       |     2 ||     6
       Grand Finale      |       |       |       |       |     5 |    10 |     6 |     7 |     3 ||    31
 Abil: Evoke Invisibilit |       |       |       |       |       |     5 |    14 |    10 |    14 ||    43
Evoke: Wand              |       |       |     5 |    55 |    84 |    37 |    25 |    15 |    11 ||   232
       Sack of spiders   |       |       |       |       |       |     3 |       |       |       ||     3
       Phial of floods   |       |       |       |       |       |       |       |     1 |       ||     1
       Lightning rod     |       |       |       |       |       |       |       |     4 |       ||     4
       Box of beasts     |       |       |       |       |       |       |       |     2 |       ||     2
  Use: Scroll            |     2 |     7 |     6 |    22 |    18 |    20 |    20 |    12 |    11 ||   118
       Potion            |       |       |     1 |     1 |     4 |    13 |     3 |     7 |    16 ||    45
 Stab: Sleeping          |       |     1 |     2 |    23 |    67 |    63 |    94 |    33 |    35 ||   318
       Confused          |       |       |     2 |    24 |    24 |    37 |    13 |    20 |    12 ||   132
       Distracted        |       |       |     1 |     4 |     8 |    15 |     9 |    12 |    11 ||    60
       Paralysed         |       |       |       |    39 |    86 |   139 |   116 |   164 |   104 ||   648
       Invisible         |       |       |       |     9 |    58 |    42 |    31 |    42 |    85 ||   267
       Held in net/web   |       |       |       |       |     1 |       |     2 |       |     7 ||    10
       Petrifying        |       |       |       |       |       |     4 |    15 |    29 |    18 ||    66
       Petrified         |       |       |       |       |       |     1 |       |     1 |     1 ||     3
  Eat: Ration            |       |     2 |     2 |     7 |     8 |    11 |    12 |    12 |    14 ||    68
Armor: Robe              |     5 |     6 |     9 |     9 |       |       |       |       |       ||    29
       Troll leather arm |       |       |       |    12 |    48 |    36 |    20 |       |       ||   116
       Acid dragon scale |       |       |       |       |       |       |    35 |   111 |    86 ||   232
Dodge: Dodged            |    24 |     9 |   112 |   378 |   527 |   628 |   423 |   830 |   656 ||  3587
       Deflected         |       |       |       |       |     2 |    10 |    14 |    14 |    21 ||    61
Block: Buckler           |       |       |       |       |       |   233 |   257 |   457 |   327 ||  1274
       Reflection        |       |       |       |       |       |    13 |    22 |       |       ||    35
